 Dungeon Crawl Stone Soup version 0.22-a0-38-gc6ec8ce517 (console) character file.

85 Harunobu the Ducker (level 4, 0/44 HPs)
             Began as a Troll Fighter on Jan 4, 2018.
             Was an Initiate of Okawaru.
             Slain by Crazy Yiuf
             ... wielding a +4 quarterstaff of chaos
              (2 damage)
             ... on level 1 of the Dungeon.
             The game lasted 00:03:36 (1473 turns).

Harunobu the Ducker (Troll Fighter)                 Turns: 1473, Time: 00:03:37

Health: 0/44       AC:  6    Str: 27    XL:     4   Next: 25%
Magic:  3/3        EV:  8    Int:  4    God:    Okawaru [......]
Gold:   75         SH:  9    Dex:  9    Spells: 3/3 levels left

rFire    . . .     SeeInvis .   a - +0 flail
rCold    . . .     Gourm    +   c - +0 shield
rNeg     . . .     Faith    .   b - +0 robe
rPois    .         Spirit   .   (helmet restricted)
rElec    .         Reflect  .   o - +0 cloak
rCorr    .         Harm     .   (gloves unavailable)
MR       .....                  (boots unavailable)
Stlth    +.........             (no amulet)
HPRegen  0.54/turn              i - +2 ring of strength
MPRegen  0.08/turn              q - ring of flight

@: lethally poisoned (0 -> 0), hasted, drained, very quick
A: large, unfitting armour, claws 3, fast metabolism 3, gourmand, regeneration
1, shaggy fur 1, tough skin 2
a: Renounce Religion, Evoke Flight


You were on level 1 of the Dungeon.
You worshipped Okawaru.
Okawaru was noncommittal.
You were very full.

You visited 1 branch of the dungeon, and saw 2 of its levels.

You collected 75 gold pieces.

Inventory:

Hand Weapons
 a - a +0 flail (weapon)
Armour
 b - a +0 robe (worn)
 c - a +0 shield (worn)
 o - a +0 cloak (worn)
Jewellery
 i - a +2 ring of strength (left claw)
 q - a ring of flight (right claw)
Wands
 v - a wand of flame (23)
Scrolls
 e - a scroll of teleportation {unknown}
 g - a scroll of remove curse {unknown}
 j - 3 scrolls of identify {unknown}
 l - a scroll of magic mapping {unknown}
 m - a scroll of fear {unknown}
 n - a scroll of immolation {unknown}
 p - 3 scrolls of noise {unknown}
 s - a scroll of random uselessness {unknown}
Potions
 d - 2 potions of might
 h - a potion of heal wounds
 k - 2 potions of curing {unknown}
 t - a potion of brilliance {unknown}
 u - a potion of magic {unknown}
Comestibles
 f - 3 rations


   Skills:
 + Level 2.8(2.4) Fighting
 + Level 2.6(2.3) Maces & Flails
 + Level 3.0(2.6) Dodging
 + Level 0.1(0.0) Stealth
 + Level 2.9(2.6) Shields


You had 3 spell levels left.
You didn't know any spells.

Dungeon Overview and Level Annotations

Branches:
Dungeon (2/15)

Altars:
Elyvilon
Gozag
Okawaru
Qazlal
Uskayaw
Xom

Annotations:
D:1 Crazy Yiuf


Innate Abilities, Weirdness & Mutations

You are too large for most types of armour.
You have claws for hands.
Your metabolism is lightning-fast.
You like to eat raw meat.
Your natural rate of healing is unusually fast.
You are covered in fur. (AC +1)
You have very tough skin. (AC +2)


Message History

Crazy Yiuf barely misses you.
You barely miss Crazy Yiuf.
Crazy Yiuf is almost dead.
You hit Crazy Yiuf but do no damage.
Crazy Yiuf is almost dead.
Crazy Yiuf drinks a potion.
Crazy Yiuf is healed!
You hit Crazy Yiuf.
Crazy Yiuf is moderately wounded.
Crazy Yiuf hits you with a quarterstaff of chaos.
You are poisoned.
Your shield prevents you from hitting Crazy Yiuf.
Crazy Yiuf is moderately wounded.
You feel sick. You block Crazy Yiuf's attack.
You sock Crazy Yiuf!
Crazy Yiuf is severely wounded.
You feel sick.
Crazy Yiuf hits you with a quarterstaff of chaos!
* * * LOW HITPOINT WARNING * * *
Crazy Yiuf freezes you.
You die...

### #.# ..#
#.###########
#.#
#...........#
#.#
###########.#
#.# #.# #.#
#.# #.## #.#
.#.##
######.#
###.####
#....@g#
.###...#
#.######
..#.##.# #.#
.#.###.# #.#
..## #.# #.#
### #.# #.# #
#.# #.# #.#
#.# #.# #.#


You could see Crazy Yiuf.

Vanquished Creatures
  2 adders (D:2)
  2 oozes (D:2)
  A worm (D:2)
  A dart slug (D:1)
  A leopard gecko (D:1)
  6 goblins
  6 hobgoblins
  7 jackals
  7 kobolds
  A quokka (D:2)
  9 bats
  A frilled lizard (D:1)
  7 rats
51 creatures vanquished.

Notes
Turn   | Place    | Note
-------+----------+-------------------------------------------
     0 | D:1      | Harunobu the Troll Fighter began the quest for the Orb.
     0 | D:1      | Reached XP level 1. HP: 22/22 MP: 0/0
   219 | D:1      | Reached XP level 2. HP: 29/29 MP: 1/1
   608 | D:1      | Reached XP level 3. HP: 36/36 MP: 2/2
  1072 | D:2      | Reached skill level 3 in Dodging
  1072 | D:2      | Reached XP level 4. HP: 43/44 MP: 3/3
  1202 | D:2      | Found a shimmering altar of Xom.
  1202 | D:2      | Found an iron altar of Okawaru.
  1202 | D:2      | Found a hide-covered altar of Uskayaw.
  1202 | D:2      | Found an opulent altar of Gozag.
  1223 | D:2      | Found a stormy altar of Qazlal.
  1229 | D:2      | Found a white marble altar of Elyvilon.
  1363 | D:2      | Became a worshipper of Warmaster Okawaru
  1412 | D:2      | Found a runed door.
  1416 | D:2      | Noticed Crazy Yiuf
  1427 | D:2      | HP: 2/44 [Crazy Yiuf/quarterstaff of chaos (17)]
  1473 | D:1      | HP: 2/44 [Crazy Yiuf/quarterstaff of chaos (13)]
  1473 | D:1      | Slain by Crazy Yiuf

Vault maps used:
D:1:      dpeg_arrival_tiny_b
D:2:      minmay_overflow_temple_hex, uniq_crazy_yiuf_cottage

Skill      XL: |  1  2  3 |
---------------+----------+-----
Maces & Flails | 2 |  2.6
Dodging        | 3 |  3.0
Fighting       | |  2.8
Stealth        | |  0.1
Shields        | |  2.9

Action                   |  1- 3 |  4- 6 || total
-------------------------+-------+-------++-------
Melee: Flail             |   151 |    43 ||   194
 Stab: Sleeping          |     1 |       ||     1
  Eat: Chunk             |    16 |     3 ||    19
Armor: Robe              |    72 |    17 ||    89
Dodge: Dodged            |    52 |    18 ||    70
Block: Shield            |    84 |    27 ||   111

Table legend:
 A = Spawn XP
 B = Non-spawn XP
 C = Spawn XP percentage of total XP
 D = Spawn monster count
 E = Non-spawn monster count
 F = Spawn count percentage of total count
 G = Total turns spent on level
                    A         B        C        D         E        F      G
               +---------+---------+-------+---------+---------+-------+---------
         Total |       0 |     122 |   0.0 |       0 |      51 |   0.0 |  1473
               +---------+---------+-------+---------+---------+-------+---------
           D:1 |       0 |      42 |   0.0 |       0 |      24 |   0.0 |   783
           D:2 |       0 |      80 |   0.0 |       0 |      27 |   0.0 |   690
               +---------+---------+-------+---------+---------+-------+---------
